 Dungeon Crawl Stone Soup version bcrawl-1.17.3 (webtiles) character file.

Game seed: 10341946568067892033

112 Chiseanne the Cutter (level 4, -2/35 HPs)
             Began as a Mummy Archaeologist on Oct 25, 2019.
             Blown up by Terence (14 damage)
             ... with a wand of disintegration (15)
             ... on level 3 of the Dungeon.
             The game lasted 00:06:09 (2851 turns).

Chiseanne the Cutter (Mummy Archaeologist)          Turns: 2851, Time: 00:06:10

Health: -2/35      AC:  9    Str: 14    XL:     4   Next: 63%
Magic:  4/4        EV:  9    Int: 14    God:
Gold:   98         SH:  0    Dex: 10    Spells: 3/3 levels left

rFire    x . .     SeeInvis .   h - +0 quarterstaff
rCold    + . .     Gourm    .   (shield currently unavailable)
rNeg     + + +     Faith    .   i - +0 scale mail
rPois    ∞         Spirit   .   c - +1 hat
rElec    .         Reflect  .   (no cloak)
rCorr    .         Harm     .   (no gloves)
MR       .....     Clarity  +   d - +1 pair of boots
Stlth    +.........             (no amulet)
HPRegen  0.11/turn              b - ring of wizardry
MPRegen  0.09/turn              (no ring)

@: studying Short Blades
A: no food or potions, fire vulnerability, clarity, cold resistance 1, negative
energy resistance 3, torment resistance, unbreathing
a: no special abilities


You were on level 3 of the Dungeon.
You were not hungry.

You visited 1 branch of the dungeon, and saw 3 of its levels.

You collected 98 gold pieces.

Inventory:

Hand Weapons
 h - a +0 quarterstaff (weapon)
 l - a +0 hunting sling
 n - a cursed -2 club
 q - a +0 hand axe
Missiles
 j - 1106 stones
 k - 172 poisoned needles
 m - 47 tomahawks (quivered)
Armour
 c - a +1 hat (worn)
 d - a +1 pair of boots (worn)
 i - a +0 scale mail (worn)
Jewellery
 b - a ring of wizardry (left hand)
 o - an uncursed ring of resist corrosion
Scrolls
 a - a scroll of remove curse
 g - 5 scrolls of identify
 r - a scroll of teleportation
Books
 e - a manual of Short Blades
Miscellaneous
 f - an ancient crate


   Skills:
 - Level 3.0 Fighting
 + Level 3.8 Short Blades
 - Level 0.7 Maces & Flails
 - Level 2.4 Dodging
 - Level 2.6 Stealth


You had 3 spell levels left.
You didn't know any spells.
Your spell library contained the following spells:

 Spells                   Type           Power        Failure   Level  Hunger
 Sticks to Snakes         Tmut           #.......     58%         2    N/A
 Beastly Appendage        Tmut           Unusable     N/A         1    N/A
 Spider Form              Tmut/Pois      Unusable     N/A         3    N/A
 Ice Form                 Ice/Tmut       Unusable     N/A         4    N/A
 Blade Hands              Tmut           Unusable     N/A         5    N/A

Dungeon Overview and Level Annotations

Branches:
Dungeon (3/12)

Altars:

Annotations:
D:3 Terence


Innate Abilities, Weirdness & Mutations

You do not eat or drink.
Your flesh is vulnerable to fire.
You are immune to poison.
You possess an exceptional clarity of mind.
Your flesh is cold resistant. (rC+)
You are immune to negative energy. (rN+++)
You are immune to unholy pain and torment.
You can survive without breathing.


Message History

Your scale mail prevents you from hitting the worm.
The worm is heavily wounded.
The worm bites you.
You barely miss the worm.
The worm is heavily wounded.
The worm bites you but does no damage.
You sock the worm!
The worm is almost dead.
You hit the worm.
You kill the worm!
Terence shouts!
Terence zaps a wand.
You struggle to resist.
The ogre shouts!
Terence zaps a wand.
You are blasted!
The dart slug launches a dart at you. The slug dart misses you.
Terence zaps a wand.
You are blasted!
Terence shouts, "Get ready for death!"
Terence zaps a wand.
You are blasted!
You die...

.# #...... .###. .###...... ...
#.#. ..<....... ... #..#
####..##.# ... #..# ## #.@##.#
#.# #..# .###..##.# #.#
#.###..###### ..##..##.# #.#
#.........<.#
......##.####.#######.%####.##.##
..#.....O.w.....@.###..#.........
.##......@...............##.##.#.
.....###.......##[..........# #
###..###.......................#
###............###########..####
......).....#### ...#
....#####...# #.## ### #...# #
......#


You could see Terence and a dart slug.

Vanquished Creatures
  2 adders (D:2)
  3 gnolls (D:2)
  An ooze (D:1)
  A worm (D:3)
  A dart slug (D:1)
  3 leopard geckos
  4 ball pythons (D:2)
  A giant cockroach (D:2)
  6 goblins
  10 hobgoblins
  8 kobolds
  6 bats
  3 frilled lizards (D:1)
  2 rats (D:1)
51 creatures vanquished.

Notes
Turn   | Place    | Note
-------+----------+-------------------------------------------
     0 | D:1      | Chiseanne the Mummy Archaeologist began the quest for the
                  | Orb.
     0 | D:1      | Reached XP level 1. HP: 15/15 MP: 1/1
   166 | D:1      | Reached XP level 2. HP: 17/22 MP: 2/2
   567 | D:1      | Reached XP level 3. HP: 28/29 MP: 3/3
   948 | D:2      | Reached skill level 1 in Short Blades
  1949 | D:2      | Reached XP level 4. HP: 35/35 MP: 4/4
  2124 | D:3      | Noticed Terence
  2221 | D:3      | Noticed an ogre
  2851 | D:3      | Blown up by Terence

Skill      XL: |  1  2  3  4 |
---------------+-------------+-----
Fighting       | 2 3 |  3.0
Short Blades   | 2 3 |  3.8
Maces & Flails | |  0.7
Dodging        | |  2.4
Stealth        | |  2.6

Action                   |  1- 3 |  4- 6 || total
-------------------------+-------+-------++-------
Melee: Whip              |   159 |       ||   159
       Hand axe          |    27 |    27 ||    54
       Quarterstaff      |       |    22 ||    22
 Fire: Hunting sling     |       |     5 ||     5
Throw: Tomahawk          |     4 |     1 ||     5
  Use: Scroll            |     8 |     3 ||    11
 Stab: Sleeping          |     1 |       ||     1
Armor: Scale mail        |   128 |    31 ||   159
       Robe              |     2 |       ||     2
Dodge: Dodged            |   123 |    38 ||   161
